 Dungeon Crawl Stone Soup version 0.31-a0-175-g9f7f995f2b (webtiles) character file.

Game seed: 15319849947233550532

1340 qw the Skirmisher (level 8, 0/74 HPs)
             Began as a Naga Hunter on June 17, 2023.
             Was an Initiate of Okawaru.
             Slain by a wight
             ... wielding a +3 mace
              (6 damage)
             ... on level 7 of the Dungeon.
             The game lasted 00:01:57 (5266 turns).

qw the Skirmisher (Naga Hunter)                     Turns: 5266, Time: 00:01:58

Health: 0/74       AC:  6    Str: 14    XL:     8   Next: 62%
Magic:  8/8        EV: 10    Int:  9    God:    Okawaru [......]
Gold:   320        SH:  0    Dex: 17    Spells: 7/7 levels left

rFire   . . .        Y - +3 shortbow
rCold   . . .        (shield currently unavailable)
rNeg    . . .        k - +1 leather armour of Pathos {rElec}
rPois   +            (helmet restricted)
rElec   +            f - +0 cloak
rCorr   .            (no gloves)
SInv    +            (no barding)
Will    +....        (no amulet)
Stlth   ++           (no ring)
HPRegen 0.32/turn    (no ring)
MPRegen 0.11/turn

%: no passive effects
@: very slow
A: AC +2, large, see invisible, deformed body, poison resistance, slowness 2,
spit poison 2, naga tail 1, horns 2, stinger 1
a: Breathe Poison Gas, Renounce Religion


You were on level 7 of the Dungeon.
You worshipped Okawaru.
Okawaru was noncommittal.
You visited 2 branches of the dungeon, and saw 8 of its levels.

You collected 320 gold pieces.


Innate Abilities, Weirdness & Mutations

Your serpentine skin is tough. (AC +2)
You have supernaturally acute eyesight. (SInv)
Armour fits poorly on your strangely shaped body.
Your system is resistant to poisons. (rPois)
You cover ground very slowly.
You can exhale a cloud of poison.
You have a snake-like lower body.
You have a pair of horns on your head.
Your tail ends in a venomous barb.


   Skills:
 - Level 5.0 Fighting
 - Level 9.0 Ranged Weapons
 + Level 0.0 Armour
 - Level 2.2 Dodging
 - Level 1.5 Stealth


You had 7 spell levels left.
You didn't know any spells.
Your spell library was empty.

Inventory:

Hand Weapons
 Y - a +3 shortbow (weapon)
Armour
 f - a +0 cloak (worn)
 k - the +1 leather armour of Pathos (worn) {rElec}
   (You took it off an orc on level 4 of the Dungeon)

   rElec:     It insulates you from electricity.
Scrolls
 j - a scroll of identify
Potions
 a - 2 potions of haste {unknown}
 d - a potion of berserk rage {unknown}
 e - 3 potions of curing
 g - a potion of cancellation {unknown}
 h - a potion of enlightenment {unknown}
 i - a potion of ambrosia {unknown}
 l - a potion of resistance {unknown}
 m - a potion of magic {unknown}

Dungeon Overview and Level Annotations

Branches:
Dungeon (7/15)             Temple (1/1) D:6

Altars:
Cheibriados
Dithmenos
Elyvilon
Fedhas
Gozag
Makhleb
Nemelex Xobeh
Okawaru
Ru
Sif Muna
Trog
Wu Jian
Xom
Yredelemnul
Zin
The Shining One

Shops:
D:5 *

Annotations:
D:2 1 runed translucent door, Crazy Yiuf
D:7 Joseph


Message History

Okawaru accepts your kill.
The gnoll hits you from afar with a +0 spear.
The gnoll sergeant hits you from afar with a +0 spear!
5259 ||| READING scroll of teleportation.
As you read the scroll of teleportation, it crumbles to dust.
You feel strangely unstable. The gnoll completely misses you.
The gnoll sergeant hits you from afar with a +0 spear.
You shoot an arrow. The gnoll sergeant blocks the arrow.
You kill the gnoll sergeant!
Okawaru accepts your kill. The gnoll hits you but does no damage.
An orc comes into view. It is wielding a +0 short sword.
Your Ranged Weapons skill increases to level 9!
You shoot an arrow. The orc shouts!
The arrow hits Joseph!
Joseph is lightly wounded.
Your surroundings suddenly seem different.
A wight and a phantom come into view.
You shoot an arrow. The arrow hits the phantom!
The phantom is moderately damaged.
You have got your breath back.
You shoot an arrow. The arrow hits the phantom.
The phantom is moderately damaged.
A wight comes into view. It is wielding a +3 mace.
You shoot an arrow. The arrow hits the wight.
The wight is moderately damaged.
The wight hits you but does no damage.
You shoot an arrow.
The arrow hits the wight but does no damage.
The wight is moderately damaged.
The phantom hits you.
You shoot an arrow.
The arrow hits the phantom but does no damage.
The phantom is moderately damaged.
The wight barely misses you.
The phantom hits you but does no damage.
The wight hits you with a +3 mace.
You die...

........#
........#
#.......#
........#
........#
........#
......Wz#
......z@#
......###
.....
.... ...
.#


You could see a phantom and 2 wights.

Vanquished Creatures
  Sigmund (D:3)
  2 water moccasins
  An orc warrior (D:7)
  A black bear (D:6)
  An ogre (D:5)
  A phantom (D:6)
  A gnoll sergeant (D:7)
  2 scorpions
  A howler monkey (D:6)
  3 hounds
  An iguana (D:4)
  2 orc wizards
  7 gnolls
  5 adders
  A shadow imp (D:7)
  An ufetubus (D:4)
  3 worms
  A dart slug (D:1)
  21 orcs
  4 bats
  5 endoplasms
  A giant cockroach (D:1)
  12 goblins
  10 hobgoblins
  4 jackals (D:2)
  5 quokkas
  5 ball pythons
  5 frilled lizards
  9 kobolds
  2 rats
118 creatures vanquished.

Notes
Turn   | Place    | Note
-------+----------+-------------------------------------------
     0 | D:1      | qw the Naga Hunter began the quest for the Orb.
     0 | D:1      | Reached XP level 1. HP: 19/19 MP: 1/1
     0 | D:1      | 0 ||| qw: Version: 0.3-a-2-g5ab2908
     0 | D:1      | 0 ||| qw: Game counter: 134
     0 | D:1      | 0 ||| qw: Always use a shield: true
     0 | D:1      | 0 ||| qw: God list: Okawaru
     0 | D:1      | 0 ||| qw: Allow faded altars: false
     0 | D:1      | 0 ||| qw: Do Orc after D:15 true
     0 | D:1      | 0 ||| qw: Do second Lair branch before Depths: true
     0 | D:1      | 0 ||| qw: Lair rune preference: random
     0 | D:1      | 0 ||| qw: Plans: Normal
     0 | D:1      | 0 ||| PLANNING D:1-11
    40 | D:1      | You fall into a shaft and drop 1 floor!
    44 | D:2      | 44 ||| INVOKING Spit Poison.
    50 | D:2      | 50 ||| INVOKING Spit Poison.
    56 | D:2      | 56 ||| INVOKING Spit Poison.
    58 | D:2      | Reached skill level 4 in Ranged Weapons
    58 | D:2      | Reached XP level 2. HP: 15/26 MP: 2/2
    62 | D:2      | 62 ||| INVOKING Spit Poison.
    81 | D:2      | 81 ||| INVOKING Spit Poison.
    84 | D:2      | 84 ||| INVOKING Spit Poison.
   142 | D:2      | 142 ||| INVOKING Spit Poison.
   147 | D:2      | 147 ||| INVOKING Spit Poison.
   152 | D:2      | 152 ||| INVOKING Spit Poison.
   156 | D:2      | 156 ||| INVOKING Spit Poison.
   243 | D:2      | 243 ||| INVOKING Spit Poison.
   246 | D:2      | Reached XP level 3. HP: 32/32 MP: 3/3
   291 | D:2      | 291 ||| READING scroll labelled ISAOLL GABU.
   292 | D:2      | 292 ||| READING scroll labelled TEKLUSHRUEN.
   293 | D:2      | 293 ||| READING scroll labelled DOKA JAUNN.
   294 | D:2      | 294 ||| READING scroll labelled IRUEFI JASHRICH.
   295 | D:2      | 295 ||| DROPPING scroll of butterflies.
   299 | D:2      | 299 ||| INVOKING Spit Poison.
   304 | D:2      | 304 ||| INVOKING Spit Poison.
   312 | D:2      | 312 ||| INVOKING Spit Poison.
   318 | D:2      | 318 ||| INVOKING Spit Poison.
   381 | D:1      | 381 ||| INVOKING Spit Poison.
   387 | D:1      | 387 ||| INVOKING Spit Poison.
   417 | D:1      | 417 ||| INVOKING Spit Poison.
   524 | D:1      | 524 ||| INVOKING Spit Poison.
   575 | D:1      | 575 ||| INVOKING Spit Poison.
   584 | D:1      | 584 ||| INVOKING Spit Poison.
   664 | D:1      | 664 ||| INVOKING Spit Poison.
   670 | D:1      | 670 ||| INVOKING Spit Poison.
   727 | D:1      | 727 ||| INVOKING Spit Poison.
   745 | D:1      | 745 ||| INVOKING Spit Poison.
   799 | D:1      | 799 ||| DRINKING 2 ruby potions.
   860 | D:2      | 860 ||| INVOKING Spit Poison.
   892 | D:2      | 892 ||| INVOKING Spit Poison.
   893 | D:2      | Reached skill level 5 in Ranged Weapons
   893 | D:2      | Reached XP level 4. HP: 39/39 MP: 4/4
   930 | D:2      | 930 ||| INVOKING Spit Poison.
   989 | D:2      | 989 ||| INVOKING Spit Poison.
  1034 | D:2      | 1034 ||| INVOKING Spit Poison.
  1037 | D:2      | 1037 ||| INVOKING Spit Poison.
  1043 | D:2      | 1043 ||| INVOKING Spit Poison.
  1044 | D:2      | 1044 ||| INVOKING Spit Poison.
  1126 | D:2      | 1126 ||| INVOKING Spit Poison.
  1281 | D:2      | 1281 ||| INVOKING Spit Poison.
  1385 | D:2      | Found a runed translucent door.
  1386 | D:2      | Noticed Crazy Yiuf
  1556 | D:2      | 1556 ||| UPGRADING to +0 cloak.
  1561 | D:2      | 1561 ||| READING 2 scrolls labelled DAATUO WUSHYZOMU.
  1626 | D:2      | 1626 ||| DRINKING 2 golden potions.
  1649 | D:2      | 1649 ||| DROPPING potion of lignification.
  1713 | D:3      | 1713 ||| INVOKING Spit Poison.
  1717 | D:3      | 1717 ||| INVOKING Spit Poison.
  1770 | D:3      | 1770 ||| INVOKING Spit Poison.
  1961 | D:3      | 1961 ||| INVOKING Spit Poison.
  1967 | D:3      | 1967 ||| INVOKING Spit Poison.
  1986 | D:3      | 1986 ||| INVOKING Spit Poison.
  2014 | D:3      | 2014 ||| INVOKING Spit Poison.
  2018 | D:3      | Found a glowing golden altar of the Shining One.
  2070 | D:3      | 2070 ||| INVOKING Spit Poison.
  2152 | D:3      | 2152 ||| INVOKING Spit Poison.
  2400 | D:3      | 2400 ||| INVOKING Spit Poison.
  2430 | D:3      | 2430 ||| READING scroll labelled ORUC COLYAHE.
  2431 | D:3      | 2431 ||| READING scroll labelled KUR OKLEODANEYSUM.
  2432 | D:3      | 2432 ||| READING scroll labelled SEKHAR VIPOFRI.
  2433 | D:3      | 2433 ||| DRINKING 2 glowing emerald potions.
  2433 | D:3      | Gained mutation: You are resistant to electric shocks.
                  | (rElec) [potion of mutation]
  2433 | D:3      | Gained mutation: You occasionally lose the ability to read
                  | scrolls when taking damage. [potion of mutation]
  2433 | D:3      | Gained mutation: Your flesh is cold resistant. (rC+)
                  | [potion of mutation]
  2434 | D:3      | 2434 ||| DRINKING potion of mutation.
  2434 | D:3      | Lost mutation: You are resistant to electric shocks.
                  | (rElec) [potion of mutation]
  2434 | D:3      | Lost mutation: Your flesh is cold resistant. (rC+) [potion
                  | of mutation]
  2434 | D:3      | Gained mutation: Your muscles are strong. (Str +4, Int/Dex
                  | -1) [potion of mutation]
  2434 | D:3      | Gained mutation: Your spells are a little harder to cast,
                  | but a little more powerful. [potion of mutation]
  2434 | D:3      | Gained mutation: You have hidden genetic defects. [potion
                  | of mutation]
  2434 | D:3      | Gained mutation: Your tail ends in a venomous barb. [potion
                  | of mutation]
  2455 | D:4      | Noticed Sigmund
  2456 | D:4      | 2456 ||| INVOKING Spit Poison.
  2457 | D:4      | 2457 ||| STAIRDANCE
  2463 | D:3      | 2463 ||| INVOKING Spit Poison.
  2466 | D:3      | HP: 2/40 [Sigmund/magic dart (9)]
  2467 | D:3      | 2467 ||| DRINKING potion of heal wounds.
  2468 | D:3      | 2468 ||| INVOKING Spit Poison.
  2468 | D:3      | Killed Sigmund
  2469 | D:3      | Reached XP level 5. HP: 35/52 MP: 5/5
  2469 | D:3      | Reached XP level 6. HP: 41/61 MP: 6/6
  2477 | D:3      | Gained mutation: Your body sometimes deteriorates upon
                  | taking damage. [hidden defects]
  2537 | D:4      | 2537 ||| INVOKING Spit Poison.
  2538 | D:4      | 2538 ||| STAIRDANCE
  2560 | D:4      | 2560 ||| INVOKING Spit Poison.
  2567 | D:4      | 2567 ||| INVOKING Spit Poison.
  2570 | D:4      | 2570 ||| FLEEEEING.
  2572 | D:4      | 2572 ||| STAIRDANCE
  2618 | D:4      | 2618 ||| INVOKING Spit Poison.
  2633 | D:4      | 2633 ||| INVOKING Spit Poison.
  2642 | D:4      | 2642 ||| INVOKING Spit Poison.
  2643 | D:4      | Gained mutation: Your body often deteriorates upon taking
                  | damage. [hidden defects]
  2643 | D:4      | Lost mutation: You have hidden genetic defects. [hidden
                  | defects expressed]
  2658 | D:4      | 2658 ||| INVOKING Spit Poison.
  2660 | D:4      | 2660 ||| Stepping ~*~*~tactically~*~*~ (outnumbered).
  2661 | D:4      | 2661 ||| INVOKING Spit Poison.
  2663 | D:4      | 2663 ||| Stepping ~*~*~tactically~*~*~ (outnumbered).
  2664 | D:4      | 2664 ||| INVOKING Spit Poison.
  2667 | D:4      | 2667 ||| INVOKING Spit Poison.
  2921 | D:4      | Noticed a water moccasin
  2938 | D:4      | Killed a water moccasin
  2939 | D:4      | Reached skill level 6 in Ranged Weapons
  2939 | D:4      | Reached XP level 7. HP: 34/67 MP: 7/7
  3072 | D:4      | Found a shadowy altar of Dithmenos.
  3119 | D:4      | 3119 ||| DRINKING potion of mutation.
  3119 | D:4      | Lost mutation: Your muscles are strong. (Str +4, Int/Dex
                  | -1) [potion of mutation]
  3119 | D:4      | Lost mutation: Your spells are a little harder to cast, but
                  | a little more powerful. [potion of mutation]
  3119 | D:4      | Lost mutation: Your tail ends in a venomous barb. [potion
                  | of mutation]
  3119 | D:4      | Gained mutation: You are weak. (Str -2) [potion of
                  | mutation]
  3119 | D:4      | Gained mutation: Your tail ends in a venomous barb. [potion
                  | of mutation]
  3123 | D:4      | 3123 ||| INVOKING Spit Poison.
  3127 | D:4      | 3127 ||| INVOKING Spit Poison.
  3133 | D:4      | 3133 ||| INVOKING Spit Poison.
  3143 | D:4      | 3143 ||| INVOKING Spit Poison.
  3146 | D:4      | 3146 ||| INVOKING Spit Poison.
  3151 | D:4      | 3151 ||| INVOKING Spit Poison.
  3156 | D:4      | 3156 ||| INVOKING Spit Poison.
  3159 | D:4      | 3159 ||| INVOKING Spit Poison.
  3222 | D:4      | 3222 ||| INVOKING Spit Poison.
  3225 | D:4      | 3225 ||| INVOKING Spit Poison.
  3249 | D:4      | 3249 ||| INVOKING Spit Poison.
  3266 | D:4      | 3266 ||| INVOKING Spit Poison.
  3338 | D:4      | 3338 ||| INVOKING Spit Poison.
  3345 | D:4      | 3345 ||| INVOKING Spit Poison.
  3349 | D:4      | 3349 ||| INVOKING Spit Poison.
  3436 | D:4      | 3436 ||| INVOKING Spit Poison.
  3446 | D:4      | 3446 ||| INVOKING Spit Poison.
  3449 | D:4      | 3449 ||| INVOKING Spit Poison.
  3449 | D:4      | Identified the +1 leather armour of Pathos {rElec}
  3467 | D:4      | 3467 ||| INVOKING Spit Poison.
  3473 | D:4      | 3473 ||| INVOKING Spit Poison.
  3477 | D:4      | 3477 ||| INVOKING Spit Poison.
  3516 | D:4      | Found a snail-covered altar of Cheibriados.
  3690 | D:4      | 3690 ||| INVOKING Spit Poison.
  3700 | D:4      | 3700 ||| INVOKING Spit Poison.
  3703 | D:4      | 3703 ||| INVOKING Spit Poison.
  3724 | D:4      | 3724 ||| INVOKING Spit Poison.
  3730 | D:4      | 3730 ||| INVOKING Spit Poison.
  3763 | D:4      | 3763 ||| INVOKING Spit Poison.
  3773 | D:4      | 3773 ||| INVOKING Spit Poison.
  3785 | D:4      | 3785 ||| INVOKING Spit Poison.
  3846 | D:4      | 3846 ||| UPGRADING to +1 leather armour of Pathos {rElec}.
  3856 | D:4      | 3856 ||| DROPPING +0 leather armour.
  3857 | D:4      | 3857 ||| DROPPING ring of wizardry.
  3858 | D:4      | 3858 ||| READING 3 scrolls labelled QYAFUNG GIFOI.
  3859 | D:4      | 3859 ||| READING 2 scrolls of enchant weapon.
  3859 | D:4      | 3859 ||| ENCHANTING +1 shortbow.
  3860 | D:4      | 3860 ||| READING scroll of enchant weapon.
  3860 | D:4      | 3860 ||| ENCHANTING +2 shortbow.
  3861 | D:4      | 3861 ||| READING scroll labelled ZUOG VULAPRIG.
  3862 | D:4      | 3862 ||| DRINKING 2 red potions.
  3877 | D:5      | Entered Level 5 of the Dungeon
  3879 | D:5      | 3879 ||| INVOKING Spit Poison.
  3885 | D:5      | 3885 ||| DRINKING potion of mutation.
  3885 | D:5      | Lost mutation: You occasionally lose the ability to read
                  | scrolls when taking damage. [potion of mutation]
  3885 | D:5      | Lost mutation: Your body often deteriorates upon taking
                  | damage. [potion of mutation]
  3885 | D:5      | Lost mutation: You are weak. (Str -2) [potion of mutation]
  3885 | D:5      | Gained mutation: You can exhale a cloud of poison. [potion
                  | of mutation]
  3885 | D:5      | Lost mutation: Your body sometimes deteriorates upon taking
                  | damage. [potion of mutation]
  3885 | D:5      | Gained mutation: You have a pair of small horns on your
                  | head. [potion of mutation]
  3885 | D:5      | Gained mutation: You have a pair of horns on your head.
                  | [potion of mutation]
  3895 | D:5      | 3895 ||| INVOKING Breathe Poison Gas.
  3973 | D:5      | 3973 ||| INVOKING Breathe Poison Gas.
  4122 | D:5      | Found an opulent altar of Gozag.
  4125 | D:5      | Found Gozag's Platinum Reserve.
  4138 | D:5      | 4138 ||| SHOPLISTING +10 sling of the Barnacled God {heavy,
                  | rPois Str+3} (7020 gold, have 237).
  4138 | D:5      | 4138 ||| SHOPLISTING +3 leather armour of the Devil's
                  | Advocate {+Inv rF+++ Int-2 Dex+3} (6810 gold, have 237).
  4138 | D:5      | 4138 ||| SHOPLISTING +3 ring mail of the Enchanted Forest
                  | {rElec rF- Int+3} (3230 gold, have 237).
  4138 | D:5      | 4138 ||| SHOPLISTING ring of Oliuhe Ibba {Wiz rPois rN+
                  | Int+3} (5170 gold, have 237).
  4183 | D:5      | 4183 ||| INVOKING Breathe Poison Gas.
  4186 | D:5      | Reached skill level 7 in Ranged Weapons
  4234 | D:5      | Found a basalt altar of Yredelemnul.
  4238 | D:5      | 4238 ||| INVOKING Breathe Poison Gas.
  4329 | D:5      | 4329 ||| READING scroll labelled RALIAH AFRY.
  4340 | D:6      | 4340 ||| INVOKING Breathe Poison Gas.
  4367 | D:6      | 4367 ||| INVOKING Breathe Poison Gas.
  4392 | D:6      | Found a staircase to the Ecumenical Temple.
  4393 | D:6      | 4393 ||| PLANNING TEMPLE
  4400 | Temple   | Entered the Ecumenical Temple
  4407 | Temple   | 4407 ||| PLANNING OKAWARU WORSHIP
  4526 | Temple   | Became a worshipper of Warmaster Okawaru
  4527 | Temple   | 4527 ||| PLANNING D:1-11
  4590 | D:6      | 4590 ||| INVOKING Breathe Poison Gas.
  4592 | D:6      | Reached XP level 8. HP: 74/74 MP: 8/8
  4616 | D:6      | 4616 ||| INVOKING Breathe Poison Gas.
  4636 | D:6      | Reached skill level 8 in Ranged Weapons
  4753 | D:6      | Found a sacrificial altar of Ru.
  5181 | D:6      | 5181 ||| DROPPING +6 ring of intelligence.
  5230 | D:7      | 5230 ||| INVOKING Breathe Poison Gas.
  5236 | D:7      | 5236 ||| INVOKING Breathe Poison Gas.
  5251 | D:7      | 5251 ||| INVOKING Breathe Poison Gas.
  5255 | D:7      | Noticed Joseph
  5258 | D:7      | HP: 14/74 [gnoll sergeant/+0 spear (9)]
  5259 | D:7      | 5259 ||| READING scroll of teleportation.
  5261 | D:7      | Reached skill level 9 in Ranged Weapons
  5265 | D:7      | HP: 6/74 [phantom (5)]
  5266 | D:7      | Slain by a wight

Levels and vault maps discovered:
D:1:      minmay_arrival_nine_rooms, layout_rooms
D:2:      layout_basic, nicolae_eternal_life, uniq_crazy_yiuf_cottage
D:3:      layout_basic, nicolae_tso_carved_into_rock
D:4:      corexii_shantytown, layout_loops_ring, mainiacjoe_overflow_alcove_4,
          mainiacjoe_overflow_boulevard, serial_bayou, serial_bayou_crossing,
          serial_bayou_ford_a, serial_bayou_pond_e, serial_bayou_pond_d,
          serial_bayou_lake_a, uniq_sigmund
D:5:      layout_cave_pools, lemuel_tele_altar, nicolae_gozag_zags_fifth_avenue
D:6:      layout_cave_pods, mainiacjoe_overflow_paths,
          minmay_temple_entry_overgrown, dreamdust_princess_bridge
D:7:      layout_cave_pools, nicolae_qazlal_eye_of_the_storm, uniq_joseph,
          uniq_duvessa
Temple:   nicolae_temple_two_arcs

Skill      XL: |  1  2  3  4  5  6  7  8 |
---------------+-------------------------+-----
Ranged Weapons | 4 5 6 7 9 |  9.0
Fighting       | 5 |  5.0
Dodging        | 2 |  2.2
Stealth        | |  1.5

Action                     |  1- 3 |  4- 6 |  7- 9 || total
---------------------------+-------+-------+-------++-------
   Fire: Shortbow          |    73 |    86 |   147 ||   306
Ability: Spit Poison       |    27 |    30 |    30 ||    87
         Breathe Poison Ga |       |       |    11 ||    11
    Use: Scroll            |     4 |     4 |     6 ||    14
         Potion            |     1 |     4 |     3 ||     8
 Armour: Leather armour    |    15 |    12 |    25 ||    52
  Dodge: Dodged            |    38 |    24 |    37 ||    99

Table legend:
 A = Non-vault XP
 B = Vault XP
 C = Vault XP percentage of total XP
 D = Non-vault monster count
 E = Vault monster count
 F = Vault count percentage of total count
                 A         B        C        D         E       F
            +---------+---------+-------+---------+---------+-------
      Total |    1592 |     323 |  16.9 |      89 |      29 |  24.6
            +---------+---------+-------+---------+---------+-------
        D:1 |      19 |       0 |   0.0 |      11 |       0 |   0.0
        D:2 |      87 |       0 |   0.0 |      26 |       0 |   0.0
        D:3 |      28 |     226 |  89.0 |      14 |       1 |   6.7
        D:4 |     306 |      97 |  24.1 |      13 |      28 |  68.3
        D:5 |     298 |       0 |   0.0 |       8 |       0 |   0.0
        D:6 |     522 |       0 |   0.0 |       6 |       0 |   0.0
        D:7 |     332 |       0 |   0.0 |      11 |       0 |   0.0
            +---------+---------+-------+---------+---------+-------
